 Dungeon Crawl Stone Soup version 0.30.1-9-gdf580d7c3d (webtiles) character file.

Game seed: 18285870660937302160

527 Amplified the Shield-Bearer (level 7, 0/55 HPs)
             Began as a Formicid Fighter on Oct 11, 2023.
             Slain by an ice beast (14 damage)
             ... on level 5 of the Dungeon.
             The game lasted 00:05:23 (3247 turns).

Amplified the Shield-Bearer (Formicid Fighter)      Turns: 3247, Time: 00:05:24

Health: 0/55       AC:  8    Str: 22    XL:     7   Next: 47%
Magic:  7/7        EV: 10    Int:  8    God:
Gold:   447        SH:  7    Dex: 17    Spells: 6/6 levels left

rFire   . . .        e - +1 battleaxe
rCold   . . .        c - +1 buckler
rNeg    + . .        q - +2 ring mail {rPois}
rPois   +            (helmet unavailable)
rElec   .            (no cloak)
rCorr   .            (no gloves)
SInv    +            (no boots)
Will    .....        (no amulet)
Stlth   +            o - ring of protection from fire
HPRegen 0.29/turn    n - ring "Ijasae" {rF- rN+ Dex+4 Slay+2}
MPRegen 0.10/turn

%: no passive effects
@: no status effects
A: permanent stasis, dig shafts and tunnels, antennae 3, four strong arms
a: Dig, Shaft Self


You were on level 5 of the Dungeon.
You visited 1 branch of the dungeon, and saw 5 of its levels.
You also visited: Ossuary.

You collected 447 gold pieces.

Inventory:

Hand Weapons
 e - a +1 battleaxe (weapon)
Missiles
 f - 5 poisoned darts
 k - 4 curare-tipped darts
Armour
 b - a +0 cloak
 c - a +1 buckler (worn)
 q - a +2 ring mail of poison resistance (worn)
Jewellery
 n - the ring "Ijasae" (right hand) {rF- rN+ Dex+4 Slay+2}
   (You found it on level 4 of the Dungeon)

   [ring of positive energy]

   Dex:       It affects your dexterity (+4).
   Slay:      It affects your accuracy & damage with ranged weapons and melee
   (+2).
   rF:        It makes you vulnerable to fire.
   rN:        It protects you from negative energy.
 o - a ring of protection from fire (left hand)
Scrolls
 a - 2 scrolls of amnesia
 g - a scroll of poison
Potions
 d - 2 potions of might
 h - 4 potions of curing
 j - a potion of attraction {unknown}
 l - a potion of invisibility {unknown}
 m - 4 potions of lignification {unknown}
 p - a potion of haste {unknown}


   Skills:
 - Level 4.9 Fighting
 * Level 3.5(3.9) Axes
 - Level 2.3(3.3) Maces & Flails
 - Level 4.8 Armour
 * Level 6.6 Shields


You had 6 spell levels left.
You didn't know any spells.
Your spell library contained the following spells:

 Spells                   Type           Power      Damage    Failure   Level
 Ensorcelled Hibernation  Hex/Ice        0%         N/A       77%         2
 Spider Form              Tmut/Pois      0%         N/A       94%         3
 Anguish                  Hex/Necr       0%         N/A       100%        4


Dungeon Overview and Level Annotations

Branches:
Dungeon (5/15)            Ossuary (visited)
 Temple: D:4-7

Altars:
Cheibriados

Shops:
D:4 (


Innate Abilities, Weirdness & Mutations

You cannot be hasted, slowed, berserked, paralysed or teleported.
You can dig through walls and to a lower floor.
You have a pair of large antennae on your head. (SInv)
Your four strong arms can wield two-handed weapons with a shield.


Message History

There is an open door here.
The black bear attacks as you move away!
The black bear bites you but does no damage.
You block the black bear's attack. The black bear claws you.
Aiming: Mindburst
Press: ? - help, Shift-Dir - straight line, f - black bear
Aim: a black bear (moderately wounded, chance to affect: 64%)
The black bear's mind is blasted!
The black bear bites you. You block the black bear's attack. x2
Unknown command.
Aiming: Mindburst
Press: ? - help, Shift-Dir - straight line, f/p - black bear
Aim: a black bear (heavily wounded, chance to affect: 64%)
The black bear's mind is blasted!!
You blow up the black bear!
The now-empty wand crumbles to dust.
You closely miss the ice beast. The ice beast hits you.
The ice beast freezes you!
The ice beast hits you but does no damage.
Unknown command.
You are too injured to fight recklessly!
You are too injured to fight recklessly!
You are too injured to fight recklessly!
You closely miss the ice beast. The ice beast closely misses you.
You barely miss the ice beast. The ice beast closely misses you.
The ice beast hits you but does no damage.
Unknown command.
You closely miss the ice beast.
The ice beast hits you but does no damage.
You hit the ice beast but do no damage.
The ice beast hits you but does no damage. x2
You barely miss the ice beast. The ice beast hits you.
The ice beast freezes you!
* * * LOW HITPOINT WARNING * * *
You slash the ice beast!
The ice beast is severely wounded.
The ice beast barely misses you. The ice beast hits you.
* * * LOW HITPOINT WARNING * * *
The ice beast freezes you!
You die...

........# +.........#
........# #.........#
........#####............
.................#######.
.................#
##...............#
#...............#
#.................
#......@...........
####+##Y###.........
###....###+####....
#...........[.....
+....(..........
#..........<....
######......#... {
#..#....##. ...+....+


You could see an ice beast.

Vanquished Creatures
  A black bear (D:5)
  A gnoll sergeant (D:4)
  A howler monkey (D:2)
  A human zombie (Ossuary)
  Jessica (D:3)
  Terence (D:3)
  Natasha (twice) (D:3)
  A hound skeleton (D:5)
  2 mummies (Ossuary)
  4 gnolls (D:4)
  4 adders
  A worm (D:1)
  4 dart slugs
  An orc (D:4)
  4 bats
  12 endoplasms
  3 giant cockroaches
  3 goblins
  8 hobgoblins
  5 jackals
  3 quokkas
  6 ball pythons
  3 frilled lizards
  8 gnoll zombies (Ossuary)
  2 goblin zombies (Ossuary)
  3 hobgoblin zombies (Ossuary)
  3 kobolds
  4 rats
92 creatures vanquished.

Notes
Turn   | Place    | Note
-------+----------+-------------------------------------------
     0 | D:1      | Amplified the Formicid Fighter began the quest for the Orb.
     0 | D:1      | Reached XP level 1. HP: 18/18 MP: 1/1
   441 | D:1      | Reached XP level 2. HP: 19/24 MP: 2/2
   829 | D:1      | Reached XP level 3. HP: 24/29 MP: 3/3
   912 | D:1      | Found a faded altar of an unknown god.
  1172 | D:2      | Reached XP level 4. HP: 32/37 MP: 4/4
  1227 | D:2      | Reached skill level 1 in Axes
  1471 | D:3      | Reached XP level 5. HP: 42/42 MP: 5/5
  1500 | D:3      | Noticed Jessica
  1503 | D:3      | Killed Jessica
  1504 | D:3      | Reached skill level 5 in Shields
  1666 | D:3      | Noticed Natasha
  1690 | D:3      | Killed Natasha
  1757 | D:3      | Noticed Natasha
  1760 | D:3      | Killed Natasha
  1761 | D:3      | Reached XP level 6. HP: 49/49 MP: 6/6
  1796 | D:3      | Noticed Terence
  1800 | D:3      | Killed Terence
  1866 | D:3      | Found a snail-covered altar of Cheibriados.
  2203 | D:4      | Found Saliboew's Weapon Boutique.
  2530 | D:4      | Identified the ring "Ijasae" {rF- rN+ Dex+4 Slay+2}
  2579 | D:4      | Reached XP level 7. HP: 22/55 MP: 7/7
  2612 | D:4      | Found a sand-covered staircase.
  2688 | Ossuary  | Entered an ossuary
  2752 | Ossuary  | Reached skill level 6 in Shields
  3191 | D:5      | Entered Level 5 of the Dungeon
  3247 | D:5      | Slain by an ice beast

Illustrated notes

Levels and vault maps discovered:
D:1:      spicycebolla_green_bress_n_ham, layout_basic,
          shapermc_ecumenical_altar_petra, minmay_misc_feat_tower
D:2:      layout_rooms, amcnicky_mini_pool_small
D:3:      layout_loops_ring, cheibriados_altar_1, uniq_natasha, uniq_terence,
          uniq_jessica
D:4:      layout_rooms, serial_shops, shop, nicolae_ossuary_entry_plus
D:5:      layout_basic, trog_wizard, kb_xom_exploding_sheep,
          minmay_temple_entry_statues_fountains, serial_undead, serial_undead_c,
          serial_undead_b, serial_undead_b, serial_undead_a, serial_shops, shop,
          minmay_diced_spiral

Skill      XL: |  1  2  3  4  5  6  7 |
---------------+----------------------+-----
Fighting       | 4 |  4.9
Axes           | 1 2 3 |  3.5
Armour         | 4 |  4.8
Shields        | 5 6 |  6.6
Maces & Flails | |  2.3

Action                     |  1- 3 |  4- 6 |  7- 9 || total
---------------------------+-------+-------+-------++-------
  Melee: Flail             |    56 |       |       ||    56
         Battleaxe         |    25 |   123 |    45 ||   193
Ability: Dig               |       |     1 |       ||     1
  Evoke: Wand              |       |    10 |     2 ||    12
    Use: Scroll            |     7 |     6 |       ||    13
 Armour: Scale mail        |    60 |    37 |       ||    97
         Ring mail         |       |    32 |    28 ||    60
  Dodge: Dodged            |    63 |    88 |    24 ||   175
  Block: Buckler           |    31 |    58 |    17 ||   106
